 Dungeon Crawl Stone Soup version 0.28.0-53-g5a82cb258f (webtiles) character file.

Game seed: 13719716904702500999

497 nickcage the Firebug (level 6, 0/32 HPs)
             Began as a Deep Elf Fire Elementalist on May 20, 2022.
             Was an Initiate of Vehumet.
             Slain by a hound (2 damage)
             ... on level 5 of the Dungeon.
             The game lasted 00:11:09 (5729 turns).

nickcage the Firebug (Deep Elf Fire Elementalist)   Turns: 5729, Time: 00:11:11

Health: 0/32       AC:  4    Str:  5    XL:     6   Next: 93%
Magic:  11/17      EV: 12    Int: 22    God:    Vehumet [......]
Gold:   61         SH:  0    Dex: 15    Spells: 2/17 levels left

rFire   . . .      SeeInvis .   e - +1 spear (vorpal)
rCold   . . .      Faith    .   (no shield)
rNeg    . . .      Spirit   .   a - +0 robe
rPois   .          Reflect  .   (no helmet)
rElec   .          Harm     .   (no cloak)
rCorr   .          Rampage  .   c - +0 pair of gloves
Will    .....                   j - +0 pair of boots
Stlth   ++........              (no amulet)
HPRegen 0.10/turn               (no ring)
MPRegen 0.15/turn               (no ring)

@: no status effects
A: no striking features
a: Renounce Religion


You were on level 5 of the Dungeon.
You worshipped Vehumet.
Vehumet was noncommittal.
You visited 2 branches of the dungeon, and saw 6 of its levels.

You collected 61 gold pieces.

Inventory:

Hand Weapons
 b - a +0 club
 d - a +0 dagger
 e - a +1 vorpal spear (weapon)
Missiles
 t - 2 throwing nets
Armour
 a - a +0 robe (worn)
 c - a +0 pair of gloves (worn)
 j - a +0 pair of boots (worn)
Jewellery
 g - a +6 ring of strength
 q - a ring of fire
Scrolls
 h - 2 scrolls of teleportation {unknown}
 l - a scroll of enchant weapon {unknown}
 o - 2 scrolls of identify {unknown}
 p - a scroll of immolation {unknown}
 r - a scroll of fear {unknown}
Potions
 f - 3 potions of flight {unknown}
 i - a potion of experience {unknown}
 k - a potion of heal wounds {unknown}
 m - a potion of brilliance {unknown}
 n - a potion of curing {unknown}
 s - a potion of haste {unknown}


   Skills:
 - Level 2.4 Dodging
 - Level 2.4 Stealth
 - Level 6.0 Spellcasting
 * Level 2.3 Conjurations
 * Level 1.0 Transmutations
 + Level 6.9 Fire Magic


You had 2 spell levels left.
You knew the following spells:

 Your Spells              Type           Power      Damage    Failure   Level
a - Foxfire               Conj/Fire      100%       2x1d9     1%          1
b - Scorch                Fire           74%        2d9       1%          2
c - Conjure Flame         Conj/Fire      27%        6-21      4%          3
d - Flame Wave            Conj/Fire      27%        2d7       13%         4
e - Irradiate             Conj/Tmut      7%         3d15      77%         5

Your spell library contained the following spells:

 Spells                   Type           Power      Damage    Failure   Level
 Pain                     Necr           24%        1d5       9%          1
 Sublimation of Blood     Necr           6%         N/A       14%         2
 Inner Flame              Hex/Fire       22%        N/A       6%          3
 Petrify                  Tmut/Erth      8%         N/A       58%         4
 Agony                    Necr           6%         N/A       94%         5
 Excruciating Wounds      Necr           3%         N/A       94%         5


Dungeon Overview and Level Annotations

Branches:
Dungeon (5/15)             Temple (1/1) D:4

Altars:
Ashenzari
Cheibriados
Dithmenos
Elyvilon
Fedhas
Gozag
Hepliaklqana
Makhleb
Nemelex Xobeh
Qazlal
Ru
Sif Muna
Trog
Uskayaw
Vehumet
Wu Jian
Xom
Yredelemnul
Zin
The Shining One

Shops:
D:4 [


Message History

Magic restored.
You see here 16 bolts.
Things that are here:
a +0 spear; a +0 flail; a gnoll corpse
Casting: Scorch (safe; 1% risk of failure)
Confirm with . or Enter, or press ? or * to list all spells.
Okay, then.
t - 2 throwing nets
Things that are here:
a +0 whip; a gnoll corpse
Found a chain mail.
A centaur comes into view.
The centaur shouts!
The centaur wields a +0 shortbow.
The centaur shoots an arrow.
The arrow hits you!
The centaur shoots an arrow.
The arrow misses you.
A hound comes into view.
The hound barks!
Found an escape hatch in the ceiling.
The centaur shoots an arrow.
The arrow hits you!
The centaur shoots an arrow.
The arrow barely misses you.
You are too injured to fight recklessly!
Casting: Scorch (safe; 1% risk of failure)
Press: ? - help, Q - select action, (/) - cycle Dir - look around, f - activate Flames lash the centaur.
The centaur is moderately wounded.
The centaur's fire resistance burns away.
The centaur shoots an arrow.
The arrow hits you!
* * * LOW HITPOINT WARNING * * *
Casting: Scorch (safe; 1% risk of failure)
Press: ? - help, Q - select action, (/) - cycle Dir - look around, f - activate Flames lash the hound.
The hound is heavily wounded.
The hound's fire resistance burns away.
The centaur shoots an arrow.
The arrow barely misses you.
Casting: Scorch (safe; 1% risk of failure)
Press: ? - help, Q - select action, (/) - cycle Dir - look around, f - activate Flames lash the centaur.
The centaur is burned terribly!
The centaur is severely wounded.
The hound bites you.
You die...

......<...
.........## #
..........##.##
........[..#..
............#. #
............#. #
......ch...##.## .#
#
.......@...........
#
.........####..##.#
#
........######.##.#
............##.##.#
......#####.##..#.#
.....##.......#.#.#
....# #.......#...#
.#.#
#.......##..#### ##
#..............###


You could see a centaur (combustible) and a hound (combustible).

Vanquished Creatures
  Grinder (D:4)
  An ogre (D:4)
  A bullfrog zombie (D:5)
  An iguana (D:4)
  A killer bee zombie (D:4)
  2 hound skeletons (D:4)
  3 gnolls (D:5)
  An adder (D:3)
  An ufetubus (D:4)
  2 dart slugs
  2 orcs
  7 ball pythons
  7 endoplasms
  5 giant cockroaches
  4 hobgoblins
  2 jackals (D:1)
  5 quokkas
  5 bats
  6 frilled lizards
  6 goblins
  9 kobolds
  7 rats
79 creatures vanquished.

Vanquished Creatures (others)
  11 foxfires (D:1)
  2 fungi (D:3)
  3 plants (D:3)
16 creatures vanquished.

Grand Total: 95 creatures vanquished

Notes
Turn   | Place    | Note
-------+----------+-------------------------------------------
     0 | D:1      | nickcage the Deep Elf Fire Elementalist began the quest for
                  | the Orb.
     0 | D:1      | Reached XP level 1. HP: 10/10 MP: 6/6
   499 | D:1      | Reached XP level 2. HP: 15/15 MP: 8/8
   658 | D:1      | Learned a level 2 spell: Scorch
  1342 | D:1      | Reached XP level 3. HP: 19/19 MP: 3/9
  1411 | D:1      | Learned a level 3 spell: Conjure Flame
  2981 | D:3      | Reached skill level 5 in Fire Magic
  3132 | D:3      | Found a faded altar of an unknown god.
  3319 | D:3      | Reached XP level 4. HP: 24/24 MP: 7/10
  3916 | D:4      | Noticed an ogre
  3919 | D:4      | Killed an ogre
  3920 | D:4      | Reached XP level 5. HP: 9/28 MP: 4/13
  4135 | D:4      | Found a staircase to the Ecumenical Temple.
  4144 | Temple   | Entered the Ecumenical Temple
  4197 | Temple   | Became a worshipper of Vehumet
  4720 | D:4      | Noticed Grinder
  4737 | D:4      | Killed Grinder
  4738 | D:4      | Reached skill level 5 in Spellcasting
  4738 | D:4      | Reached XP level 6. HP: 9/32 MP: 0/16
  5005 | D:4      | Found Ixest's Armour Shoppe.
  5070 | D:4      | Learned a level 4 spell: Flame Wave
  5076 | D:4      | Learned a level 5 spell: Irradiate
  5494 | D:5      | Entered Level 5 of the Dungeon
  5614 | D:5      | Reached skill level 1 in Transmutations
  5727 | D:5      | HP: 1/32 [centaur/arrow (15)]
  5729 | D:5      | Slain by a hound

Illustrated notes

Levels and vault maps discovered:
D:1:      psy_arrival_radial01, layout_loops_ring
D:2:      layout_basic
D:3:      layout_basic, shapermc_ecumenical_altar_mp_urbaneastern
D:4:      layout_basic, temple_pool_b, serial_shops, shop, uniq_grinder
D:5:      layout_basic, chequers_garden, minivault_19, corner_web_ring,
          grunt_ministairs_4, nicolae_figureground_pulse
Temple:   mainiacjoe_temple_big_plus

Skill      XL: |  1  2  3  4  5  6 |
---------------+-------------------+-----
Fire Magic     | 4 5 6 |  6.9
Conjurations   | 2 |  2.3
Spellcasting   | 4 5 6 |  6.0
Transmutations | 1 |  1.0
Dodging        | |  2.4
Stealth        | |  2.4

Action                   |  1- 3 |  4- 6 || total
-------------------------+-------+-------++-------
Melee: Club              |    22 |       ||    22
       Unarmed           |     2 |       ||     2
       Punch             |     2 |       ||     2
       Spear             |    29 |    10 ||    39
 Cast: Foxfire           |     7 |       ||     7
       Scorch            |    40 |    44 ||    84
       Conjure Flame     |       |     1 ||     1
 Stab: Sleeping          |     5 |     1 ||     6
Armor: Robe              |    17 |     5 ||    22
Dodge: Dodged            |    32 |     9 ||    41
